 Dungeon Crawl Stone Soup version bcrawl-1.27.6 (webtiles) character file.

Game seed: 12694938157505199076

146427 Faustar the Grave Robber (level 6, -5/41 HPs)
             Began as a Mummy Necromancer on Sept 27, 2020.
             Slain by an ice beast (6 damage)
             ... on level 5 of the Dungeon.
             The game lasted 00:15:04 (4958 turns).

Faustar the Grave Robber (Mummy Necromancer)        Turns: 4958, Time: 00:15:05

Health: -5/41      AC:  2    Str: 12    XL:     6   Next: 83%
Magic:  0/13       EV: 12    Int: 16    God:
Gold:   151        SH:  0    Dex: 12    Spells: 8/14 levels left

rFire    x . .     SeeInvis .   a - +1 dagger
rCold    + . .     Gourm    .   (no shield)
rNeg     + + +     Faith    .   b - +0 robe
rPois    ∞         Spirit   .   (no helmet)
rElec    .         Reflect  .   (no cloak)
rCorr    .         Harm     .   (no gloves)
MR       .....     Clarity  +   (no boots)
Stlth    ++........             (no amulet)
HPRegen  0.13/turn              (no ring)
MPRegen  0.13/turn              (no ring)

@: no status effects
A: no food or potions, fire vulnerability, clarity, cold resistance 1, negative
energy resistance 3, torment resistance, unbreathing
a: no special abilities


You were on level 5 of the Dungeon.
You were not hungry.

You visited 1 branch of the dungeon, and saw 5 of its levels.

You collected 151 gold pieces.

Inventory:

Hand Weapons
 a - a +1 dagger (weapon)
 j - the +11 fustibalus of Hubris {flame, MR+ Dex+2 SInv, unknown}
   (You found it on level 5 of the Dungeon)

   It causes projectiles fired from it to surge with flame as they hit,
   increasing damage dealt by approximately one third against foes not resistant
   or susceptible to fire.
   It affects your dexterity (+2).
   It affects your resistance to hostile enchantments.
   It lets you see invisible.
Armour
 b - a +0 robe (worn)
 f - a cursed +0 helmet
 g - a +0 helmet
Scrolls
 c - 2 scrolls of remove curse {unknown}
 d - 4 scrolls of identify
 e - 5 scrolls of teleportation {unknown}
 h - a scroll of magic mapping {unknown}
 i - a scroll of enchant weapon {unknown}


   Skills:
 - Level 1.5 Dodging
 - Level 2.1 Stealth
 - Level 4.9 Spellcasting
 + Level 7.5 Necromancy


You had 8 spell levels left.
You knew the following spells:

 Your Spells              Type           Power        Failure   Level  Hunger
a - Animate Skeleton      Necr           N/A          1%          1    N/A
b - Pain                  Necr           ####..       1%          1    N/A
c - Animate Dead          Necr           N/A          7%          4    N/A

Your spell library contained the following spells:

 Spells                   Type           Power        Failure   Level  Hunger
 Vampiric Draining        Necr           ####......   1%          3    N/A
 Bolt of Draining         Conj/Necr      ###.......   65%         5    N/A
 Regeneration             Chrm/Necr      Unusable     N/A         3    N/A

Dungeon Overview and Level Annotations

Branches:
Dungeon (5/12)
 Temple: D:4-7

Altars:
Elyvilon
Makhleb
Wu Jian
Yredelemnul
Zin

Shops:
D:5 (


Innate Abilities, Weirdness & Mutations

You do not eat or drink.
Your flesh is vulnerable to fire.
You are immune to poison.
You possess an exceptional clarity of mind.
Your flesh is cold resistant. (rC+)
You are immune to negative energy. (rN+++)
You are immune to unholy pain and torment.
You can survive without breathing.


Message History

Aiming: Pain (safe; 1% risk of failure)
Press: ? - help, Shift-Dir - straight line, f/p - ice beast
Aim: an ice beast (heavily wounded, chance to defeat MR: 24%)
The ice beast resists with almost no effort.
The ice beast hits you.
* * * LOW HITPOINT WARNING * * *
The ice beast freezes you. You resist.
* * * LOW HITPOINT WARNING * * *
The ice beast hits you but does no damage.
The ice beast barely misses you.
Casting: Pain (safe; 1% risk of failure)
Confirm with . or Enter, or press ? or * to list all spells.
Aiming: Pain (safe; 1% risk of failure)
Press: ? - help, Shift-Dir - straight line, f/p - ice beast
Aim: an ice beast (heavily wounded, chance to defeat MR: 24%)
The ice beast resists with almost no effort.
The ice beast hits you.
* * * LOW HITPOINT WARNING * * *
The ice beast freezes you. You resist.
You die...

##.....<....#
#...........#
#..........##
#..........#
#.........##
#.........#
#..[.....## ##
#....Y..## ##...
##...@...#####...#
###...........^#
##........##..
##......##
####...# ###.# #.#
#.. ##..


You could see an ice beast.

Vanquished Creatures
  An ogre (D:4)
  2 orc wizards
  2 orc priests
  Natasha (thrice) (D:4)
  A worker ant (D:4)
  Robin (D:1)
  4 gnolls (D:2)
  An adder (D:3)
  An ooze (D:2)
  2 worms
  4 leopard geckos
  5 orcs
  4 giant cockroaches
  12 goblins
  7 hobgoblins
  3 jackals
  10 kobolds
  2 quokkas
  A ball python (D:2)
  3 bats
  2 frilled lizards
  6 rats
77 creatures vanquished.

Vanquished Creatures (collateral kills)
  A centaur skeleton (D:4)
  A worker ant (D:4)
  An ooze (D:4)
  A worm (D:3)
  2 orcs (D:4)
  3 giant cockroaches
  A goblin (D:3)
  6 hobgoblins
  2 jackals (D:1)
  A kobold (D:3)
  A rat (D:1)
20 creatures vanquished.

Grand Total: 97 creatures vanquished

Notes
Turn   | Place    | Note
-------+----------+-------------------------------------------
     0 | D:1      | Faustar the Mummy Necromancer began the quest for the Orb.
     0 | D:1      | Reached XP level 1. HP: 13/13 MP: 4/4
   323 | D:1      | Reached XP level 2. HP: 17/19 MP: 0/6
   812 | D:2      | Noticed Robin
   999 | D:1      | Killed Robin
   999 | D:1      | Reached XP level 3. HP: 14/24 MP: 0/9
  1804 | D:2      | Reached XP level 4. HP: 30/30 MP: 8/10
  1928 | D:2      | Learned a level 4 spell: Animate Dead
  2039 | D:2      | Reached skill level 5 in Necromancy
  2889 | D:3      | Reached XP level 5. HP: 35/35 MP: 8/12
  3471 | D:4      | Found a basalt altar of Yredelemnul.
  3480 | D:4      | Reached skill level 6 in Necromancy
  3554 | D:4      | Found a white marble altar of Elyvilon.
  3555 | D:4      | Noticed Natasha
  3559 | D:4      | Killed Natasha
  3638 | D:4      | Found an ornate altar of the Wu Jian Council.
  3830 | D:4      | Noticed Natasha
  3838 | D:4      | Killed Natasha
  3838 | D:4      | Reached XP level 6. HP: 29/41 MP: 6/13
  3906 | D:4      | Reached skill level 7 in Necromancy
  4149 | D:4      | Found a burning altar of Makhleb.
  4312 | D:4      | Found a burning altar of Makhleb.
  4357 | D:4      | Found a white marble altar of Elyvilon.
  4376 | D:4      | Noticed Natasha
  4380 | D:4      | Killed Natasha
  4448 | D:4      | Found an ornate altar of the Wu Jian Council.
  4525 | D:4      | Found a basalt altar of Yredelemnul.
  4684 | D:5      | Entered Level 5 of the Dungeon
  4707 | D:5      | Got a steaming fustibalus
  4808 | D:5      | Found a glowing silver altar of Zin.
  4829 | D:5      | Found Ytofu's Weapon Shop.
  4916 | D:5      | Noticed an ice beast
  4948 | D:5      | HP: 1/41 [ice beast (4)]
  4958 | D:5      | HP: 1/41 [ice beast (1)]
  4958 | D:5      | Slain by an ice beast

Skill      XL: |  1  2  3  4  5  6 |
---------------+-------------------+-----
Spellcasting   | 3 4 |  4.9
Necromancy     | 5 6 7 |  7.5
Dodging        | |  1.5
Stealth        | |  2.1

Action                   |  1- 3 |  4- 6 || total
-------------------------+-------+-------++-------
Melee: Dagger            |    76 |    90 ||   166
 Cast: Pain              |    44 |    95 ||   139
       Animate Skeleton  |    11 |     2 ||    13
       Animate Dead      |       |    18 ||    18
 Stab: Sleeping          |     2 |     5 ||     7
       Distracted        |       |     1 ||     1
Armor: Robe              |    20 |    15 ||    35
Dodge: Dodged            |    95 |    82 ||   177
